 Dungeon Crawl Stone Soup version 0.23.0 (webtiles) character file.

Game seed: 12661729903893200332

665 Borgoz the Ruffian (level 7, -3/61 HPs)
             Began as a Ghoul Monk on Feb 17, 2019.
             Slain by a black bear (6 damage)
             ... on level 5 of the Dungeon.
             The game lasted 00:06:07 (2980 turns).

Borgoz the Ruffian (Ghoul Monk)                     Turns: 2980, Time: 00:06:08

Health: -3/61      AC:  3    Str: 15    XL:     7   Next: 57%
Magic:  6/6        EV: 14    Int:  6    God:
Gold:   177        SH:  0    Dex: 12    Spells: 6/6 levels left

rFire    . . .     SeeInvis .     - Unarmed
rCold    + . .     Gourm    .   (no shield)
rNeg     + + +     Faith    .   a - +1 robe
rPois    ∞         Spirit   .   g - +0 hat
rElec    .         Reflect  .   (no cloak)
rCorr    .         Harm     .   (no gloves)
MR       +....                  (no boots)
Stlth    ++........             (no amulet)
HPRegen  0.00/turn              h - ring of wizardry
MPRegen  0.10/turn              q - ring of protection from magic

@: rotting
A: rotting body, claws 1, carnivore, cold resistance 1, negative energy
resistance 3, inhibited regeneration, torment resistance, unbreathing
a: no special abilities


You were on level 5 of the Dungeon.
You were not hungry.

You visited 1 branch of the dungeon, and saw 6 of its levels.

You collected 177 gold pieces.

Inventory:

Missiles
 d - 30 poisoned needles
Armour
 a - a +1 robe (worn)
 g - a +0 hat (worn)
 s - a cursed +0 shield
Jewellery
 h - a ring of wizardry (left claw)
 q - a ring of protection from magic (right claw)
Wands
 r - a wand of polymorph (8)
Scrolls
 e - 3 scrolls of remove curse
 i - a scroll of amnesia {unknown}
 p - a scroll of fear {unknown}
 t - a scroll of immolation {unknown}
Potions
 c - a potion of might
 f - a potion of agility
 j - a potion of heal wounds
 k - a potion of mutation {unknown}
 l - a potion of curing {unknown}
 m - a potion of berserk rage
 n - a potion of degeneration
 o - a potion of resistance
Comestibles
 b - 8 rations
 u - a chunk of flesh


   Skills:
 + Level 5.4 Fighting
 + Level 3.3 Armour
 + Level 4.5 Dodging
 - Level 2.1 Stealth
 + Level 5.4 Unarmed Combat


You had 6 spell levels left.
You didn't know any spells.
Your spell library was empty.

Dungeon Overview and Level Annotations

Branches:
Dungeon (6/15)
 Temple: D:4-7

Altars:
Gozag

Shops:
D:5 (

Annotations:
D:2 Sigmund
D:4 Pikel


Innate Abilities, Weirdness & Mutations

Your body is rotting away.
You thrive on raw meat.
You are immune to poison.
You have sharp fingernails.
You are carnivorous and can eat meat at any time.
Your flesh is cold resistant. (rC+)
You are immune to negative energy. (rN+++)
You do not regenerate when monsters are visible.
You are immune to unholy pain and torment.
You can survive without breathing.


Message History

The black bear claws you.
You scratch the black bear but do no damage.
The black bear is almost dead.
The black bear bites you!
* * * LOW HITPOINT WARNING * * *
The black bear claws you.
* * * LOW HITPOINT WARNING * * *
The black bear claws you.
* * * LOW HITPOINT WARNING * * *
Eat one of 2 chunks of flesh? (ye/n/q)
You eat one of the 2 chunks of flesh.
This raw flesh tastes great!
The black bear bites you.
* * * LOW HITPOINT WARNING * * *
The black bear claws you.
* * * LOW HITPOINT WARNING * * *
The black bear misses you. The black bear closely misses you.
The black bear claws you.
* * * LOW HITPOINT WARNING * * *
The black bear claws you.
You die...

#.##
#.#######
#..## #.#
#...## #.#
##...## #.#
###...## #.#
#%##...# #.#
#..##..# #.#
#.h.#..###.#
#@.##......#
#.##...#####
#.....##
#....##
######


You could see a black bear (berserk).

Vanquished Creatures
  A sky beast (D:5)
  An ogre (D:5)
  A scorpion (D:6)
  2 howler monkeys (D:5)
  A hound (D:5)
  An orc priest (D:4)
  2 worker ants
  3 orc wizards
  A hound skeleton (D:6)
  8 adders
  A howler monkey skeleton (D:5)
  An ooze (D:1)
  A worm (D:5)
  2 leopard geckos
  7 orcs
  5 giant cockroaches
  5 goblins
  8 hobgoblins
  4 jackals (D:4)
  6 kobolds
  2 quokkas
  A ball python (D:3)
  5 bats
  3 frilled lizards
  A jackal zombie (D:5)
  5 rats
78 creatures vanquished.

Notes
Turn   | Place    | Note
-------+----------+-------------------------------------------
     0 | D:1      | Borgoz the Ghoul Monk began the quest for the Orb.
     0 | D:1      | Reached XP level 1. HP: 19/19 MP: 0/0
    45 | D:1      | Reached XP level 2. HP: 16/26 MP: 1/1
   654 | D:1      | Reached XP level 3. HP: 31/31 MP: 2/2
   890 | D:2      | Reached skill level 1 in Armour
  1032 | D:2      | Noticed Sigmund
  1311 | D:2      | Reached XP level 4. HP: 35/38 MP: 3/3
  1467 | D:3      | Found an opulent altar of Gozag.
  1632 | D:3      | Reached XP level 5. HP: 19/46 MP: 4/4
  1709 | D:3      | You fall through a shaft for 3 floors!
  1745 | D:5      | Entered Level 5 of the Dungeon
  1938 | D:4      | Reached XP level 6. HP: 49/53 MP: 5/5
  2394 | D:4      | Noticed a slave
  2394 | D:4      | Noticed a slave
  2395 | D:4      | Noticed Pikel
  2396 | D:4      | Noticed a slave
  2396 | D:4      | Noticed a slave
  2479 | D:5      | Noticed a sky beast
  2499 | D:5      | Killed a sky beast
  2504 | D:5      | HP: 1/54 [howler monkey (6)]
  2506 | D:5      | Reached skill level 5 in Fighting
  2506 | D:5      | Reached skill level 5 in Unarmed Combat
  2527 | D:5      | Reached XP level 7. HP: 24/61 MP: 6/6
  2778 | D:5      | Found Palibby's Weapon Shoppe.
  2980 | D:5      | HP: 3/61 [black bear (4)]
  2980 | D:5      | Slain by a black bear

Skill      XL: |  1  2  3  4  5  6 |
---------------+-------------------+-----
Dodging        | 3 4 |  4.5
Armour         | 1 2 3 |  3.3
Unarmed Combat | 4 5 |  5.4
Fighting       | 4 5 |  5.4
Stealth        | |  2.1

Action                   |  1- 3 |  4- 6 |  7- 9 || total
-------------------------+-------+-------+-------++-------
Melee: Unarmed           |   111 |   161 |    45 ||   317
       Punch             |     2 |     5 |     2 ||     9
  Use: Scroll            |     4 |     3 |       ||     7
       Potion            |       |     3 |       ||     3
 Stab: Sleeping          |     6 |     1 |     2 ||     9
  Eat: Chunk             |     6 |    20 |     4 ||    30
Armor: Robe              |    23 |    39 |     8 ||    70
Dodge: Dodged            |    85 |   103 |    29 ||   217
